 Dungeon Crawl Stone Soup version 0.23-a0-417-gf02c810438 (webtiles) character file.

201 Eqeqeq the Cudgeler (level 5, -13/45 HPs)
             Began as a Draconian Warper on Nov 11, 2018.
             Was an Initiate of Sif Muna.
             Killed from afar by Blork the orc (15 damage)
             ... with a puff of flame
             ... on level 4 of the Dungeon.
             The game lasted 00:05:52 (3364 turns).

Eqeqeq the Cudgeler (Draconian Warper)              Turns: 3364, Time: 00:05:53

Health: -13/45     AC:  5    Str: 13    XL:     5   Next: 50%
Magic:  8/8        EV: 13    Int: 13    God:    Sif Muna [......]
Gold:   181        SH:  0    Dex: 12    Spells: 3/8 levels left

rFire    . . .     SeeInvis +   g - +0 war axe (chop)
rCold    . . .     Gourm    .   (no shield)
rNeg     . . .     Faith    .   (armour unavailable)
rPois    .         Spirit   .   (helmet restricted)
rElec    .         Reflect  .   (no cloak)
rCorr    .         Harm     .   (no gloves)
MR       .....                  (no boots)
Stlth    +.........             (no amulet)
HPRegen  0.15/turn              b - ring of wizardry
MPRegen  0.11/turn              o - ring of see invisible

@: no status effects
A: unfitting armour, cold-blooded, AC +5
a: Renounce Religion


You were on level 4 of the Dungeon.
You worshipped Sif Muna.
Sif Muna was noncommittal.
You were not hungry.

You visited 1 branch of the dungeon, and saw 4 of its levels.

You collected 181 gold pieces.

Inventory:

Hand Weapons
 a - a +0 mace
 g - a +0 war axe of chopping (weapon)
Missiles
 d - 5 tomahawks of dispersal (quivered)
Jewellery
 b - a ring of wizardry (left hand)
 h - an uncursed ring of fire
 k - an uncursed ring of protection from fire {unknown}
 o - a ring of see invisible (right hand)
 s - an uncursed ring of ice
 t - an uncursed ring of protection from magic {unknown}
Scrolls
 c - 2 scrolls of blinking
 p - a scroll of teleportation {unknown}
 r - a scroll of remove curse {unknown}
Potions
 e - a potion of might
 i - 2 potions of degeneration {unknown}
 l - a potion of berserk rage {unknown}
 n - 3 potions of heal wounds
 q - 2 potions of curing
 u - a potion of agility
Comestibles
 f - 10 rations
 j - 2 chunks of flesh


   Skills:
 + Level 3.3 Fighting
 * Level 4.1 Maces & Flails
 - Level 1.0 Throwing
 + Level 3.0 Dodging
 - Level 2.0 Spellcasting
 + Level 3.6 Translocations


You had 3 spell levels left.
You knew the following spells:

 Your Spells              Type           Power        Failure   Level  Hunger
a - Blink                 Tloc           N/A          3%          2    ###....
b - Gell's Gravitas       Tloc           ##........   7%          3    ####...

Your spell library contained the following spells:

 Spells                   Type           Power        Failure   Level  Hunger
 Lesser Beckoning         Tloc           ##........   7%          3    ####...
 Teleport Other           Tloc           ##......     7%          3    ####...
 Shroud of Golubria       Chrm/Tloc      #.........   8%          2    ###....
 Passage of Golubria      Tloc           N/A          22%         4    #####..


Dungeon Overview and Level Annotations

Branches:
Dungeon (4/15)
 Temple: D:4-7

Altars:
Fedhas
Sif Muna

Shops:
D:4 *

Annotations:
D:4 Blork the orc


Innate Abilities, Weirdness & Mutations

Your plain brown scales are hard. (AC +5)
You cannot fit into any form of body armour.
You are cold-blooded and may be slowed by cold attacks.


Message History

Blork the orc casts a spell at you. The magic dart hits you!
Blork the orc drinks a potion.
Blork the orc seems to grow stronger.
You barely miss Blork the orc.
Blork the orc is heavily wounded.
Blork the orc barely misses you.
Blork the orc hits you with a +0 war axe!!
You hit Blork the orc.
Blork the orc is heavily wounded.
Blork the orc hits you with a +0 war axe!
* * * LOW HITPOINT WARNING * * *
Blork the orc closely misses you.
You hit Blork the orc.
Blork the orc is heavily wounded.
Blork the orc gestures at you while chanting.
The puff of frost hits you!
* * * LOW HITPOINT WARNING * * *
Blork the orc points at you and mumbles some strange words.
The puff of flame hits you!
You die...

...##+#.......#...
#.............#...
o.....#.............#...
.....#.............#...
....#.............#...
...#.........P.P...#.
#..#......##.P∩P.###.
##%.#.)....##...P.##..
#...#@............##..
#...o......#.....###..
#...#......####### #..
+...#......# #..
#####......# ###
########


You could see Blork the orc.

Vanquished Creatures
  An ogre (D:4)
  4 adders (D:3)
  2 oozes
  A dart slug (D:1)
  3 leopard geckos
  An orc (D:4)
  3 giant cockroaches
  7 goblins
  9 hobgoblins
  7 jackals (D:4)
  2 quokkas
  4 ball pythons
  7 bats
  7 kobolds
  7 rats
65 creatures vanquished.

Notes
Turn   | Place    | Note
-------+----------+-------------------------------------------
     0 | D:1      | Eqeqeq the Draconian Warper began the quest for the Orb.
     0 | D:1      | Reached XP level 1. HP: 17/17 MP: 3/3
    87 | D:1      | Reached skill level 1 in Throwing
   163 | D:1      | Reached XP level 2. HP: 5/25 MP: 5/5
   421 | D:1      | Learned a level 2 spell: Blink
  1069 | D:2      | Reached XP level 3. HP: 30/30 MP: 6/6
  1129 | D:2      | Reached skill level 3 in Maces & Flails
  1305 | D:2      | Found a deep blue altar of Sif Muna.
  1364 | D:2      | Became a worshipper of Sif Muna the Loreminder
  1778 | D:3      | Found a blossoming altar of Fedhas.
  2234 | D:3      | Reached XP level 4. HP: 36/37 MP: 7/7
  2434 | D:3      | Learned a level 3 spell: Gell's Gravitas
  2947 | D:4      | Noticed an ogre
  3009 | D:4      | Killed an ogre
  3009 | D:4      | Reached skill level 4 in Maces & Flails
  3009 | D:4      | Reached XP level 5. HP: 28/45 MP: 8/8
  3329 | D:4      | Found Miteg's Assorted Antiques.
  3351 | D:4      | Noticed Blork the orc
  3364 | D:4      | HP: 2/45 [Blork the orc/puff of frost (10)]
  3364 | D:4      | Killed from afar by Blork the orc

Vault maps used:
D:1:      onia_arrival_handbag, glass_columns_a, minmay_misc_feat_encased
D:2:      lemuel_coloured_pillars_altar, first_ration
D:3:      lemuel_round_altar
D:4:      chequers_temple_overflow_statue_of_worship, serial_shops,
          nicolae_shop_overgrown_old_shop, uniq_robin, uniq_blork_the_orc

Skill      XL: |  1  2  3  4 |
---------------+-------------+-----
Throwing       | 1 |  1.0
Maces & Flails | 3 4 |  4.1
Fighting       | 3 |  3.3
Dodging        | 3 |  3.0
Spellcasting   | |  2.0
Translocations | |  3.6

Action                   |  1- 3 |  4- 6 || total
-------------------------+-------+-------++-------
Melee: Mace              |   102 |       ||   102
       Tailslap          |    13 |     5 ||    18
       War axe           |    53 |    66 ||   119
  Use: Potion            |     1 |     1 ||     2
       Scroll            |       |     4 ||     4
 Stab: Sleeping          |     5 |       ||     5
  Eat: Chunk             |     4 |     4 ||     8
Armor: Skin              |    52 |    29 ||    81
Dodge: Dodged            |   134 |    75 ||   209

Table legend:
 A = Non-vault XP
 B = Vault XP
 C = Vault XP percentage of total XP
 D = Non-vault monster count
 E = Vault monster count
 F = Vault count percentage of total count
                 A         B        C        D         E       F
            +---------+---------+-------+---------+---------+-------
      Total |     278 |      10 |   3.5 |      61 |       4 |   6.2
            +---------+---------+-------+---------+---------+-------
        D:1 |      30 |      10 |  25.0 |      16 |       4 |  20.0
        D:2 |      32 |       0 |   0.0 |      18 |       0 |   0.0
        D:3 |      73 |       0 |   0.0 |      16 |       0 |   0.0
        D:4 |     143 |       0 |   0.0 |      11 |       0 |   0.0
            +---------+---------+-------+---------+---------+-------
